 Dungeon Crawl Stone Soup version 0.30-a0-339-g89bb51ec76 (webtiles) character file.

Game seed: 10732006422138122102

347 Muataran the Chopper (level 6, -12/56 HPs)
             Began as a Hill Orc Monk on Nov 1, 2022.
             Mangled by an ogre
             ... wielding a +0 giant club
              (17 damage)
             ... on level 4 of the Dungeon.
             The game lasted 00:04:46 (3290 turns).

Muataran the Chopper (Hill Orc Monk)                Turns: 3290, Time: 00:04:46

Health: -12/56     AC:  5    Str: 16    XL:     6   Next: 59%
Magic:  6/6        EV: 11    Int: 10    God:
Gold:   194        SH:  0    Dex: 13    Spells: 5/5 levels left

rFire   . . .      SeeInvis .    b - +2 hand axe (vorpal)
rCold   . . .      Faith    .    (no shield)
rNeg    . . .      Spirit   .    c - +0 ring mail
rPois   .          Reflect  .    (no helmet)
rElec   .          Harm     .    (no cloak)
rCorr   .          Rampage  .    (no gloves)
Will    +....                    (no boots)
Stlth   +.........               (no amulet)
HPRegen 0.29/turn                m - ring of willpower
MPRegen 0.10/turn                (no ring)

@: no status effects
A: no striking features
a: no special abilities


You were on level 4 of the Dungeon.
You visited 1 branch of the dungeon, and saw 4 of its levels.

You collected 194 gold pieces.

Inventory:

Hand Weapons
 a - a +0 hand axe of freezing
 b - a +2 vorpal hand axe (weapon)
Missiles
 i - 5 silver boomerangs (quivered)
Armour
 c - a +0 ring mail (worn)
 v - a +0 robe
Jewellery
 m - a ring of willpower (left hand)
 w - an amulet of faith
Wands
 q - a wand of iceblast (8)
 x - a wand of paralysis (9)
Scrolls
 e - 3 scrolls of identify {unknown}
 f - 2 scrolls of blinking {unknown}
 g - 2 scrolls of teleportation {unknown}
 l - a scroll of enchant armour {unknown}
 n - a scroll of enchant weapon {unknown}
 r - a scroll of poison {unknown}
 t - a scroll of torment {unknown}
 u - a scroll of fog {unknown}
Potions
 d - a potion of flight {unknown}
 h - a potion of heal wounds {unknown}
 j - a potion of resistance {unknown}
 k - 2 potions of degeneration {unknown}
 o - 2 potions of mutation {unknown}
 p - a potion of curing {unknown}
 s - a potion of lignification {unknown}


   Skills:
 + Level 5.3 Fighting
 * Level 7.3 Axes
 + Level 3.2 Armour
 - Level 2.4 Dodging
 - Level 1.5 Stealth


You had 5 spell levels left.
You didn't know any spells.
Your spell library contained the following spells:

 Spells                   Type           Power      Damage    Failure   Level
 Ensorcelled Hibernation  Hex/Ice        0%         N/A       71%         2
 Passwall                 Tmut/Erth      0%         N/A       71%         2
 Swiftness                Air            0%         N/A       91%         3


Dungeon Overview and Level Annotations

Branches:
Dungeon (4/15)
 Temple: D:4-7

Altars:


Message History

There is an open door here.
You see here a +0 dagger.
There is an open gate here.
There is a stone staircase leading down here.
Things that are here:
a +0 club; a kobold corpse You see here a +0 ring mail.
There is a stone staircase leading up here.
Found a stone staircase leading down.
A quokka comes into view.
A quokka is nearby!
You barely miss the quokka. The quokka barely misses you.
You hit the quokka.
You kill the quokka!
No target in view!
No target in view!
x - a wand of paralysis (9)
A giant cockroach comes into view.
A giant cockroach is nearby!
You hit the giant cockroach.
You kill the giant cockroach!
No target in view!
No target in view!
f - 2 scrolls labelled SYUPNI XESA (gained 1)
Found a stone staircase leading down.
There is a stone staircase leading down here.
An ogre comes into view. It is wielding a +0 giant club.
The ogre shouts!
Found a smoky red potion.
You slash the ogre!
The ogre is moderately wounded.
The ogre hits you with a +0 giant club!!
You closely miss the ogre.
The ogre is moderately wounded.
You hit the ogre. Your punch misses the ogre.
The ogre is heavily wounded.
The ogre hits you with a +0 giant club!!
* * * LOW HITPOINT WARNING * * *
The ogre attacks as you move away! The ogre hits you with a +0 giant club!
You die...

#.# #!#
#.# #.#
#.# #.#
#O# #@#
####.#
##.##.#
##.#.#.#
#.###..#
##.#.###
##..#
##.# #.#


You could see an ogre.

Vanquished Creatures
  A scorpion (D:4)
  2 jellies (D:4)
  An orc priest (D:4)
  2 hounds
  6 adders
  4 dart slugs
  4 orcs (D:4)
  6 ball pythons
  14 endoplasms
  4 giant cockroaches
  3 goblins
  3 hobgoblins
  2 jackals (D:4)
  3 quokkas
  6 bats
  5 frilled lizards
  11 kobolds
  3 rats
80 creatures vanquished.

Vanquished Creatures (others)
  7 fungi
  7 toadstools (D:4)
14 creatures vanquished.

Grand Total: 94 creatures vanquished

Notes
Turn   | Place    | Note
-------+----------+-------------------------------------------
     0 | D:1      | Muataran the Hill Orc Monk began the quest for the Orb.
     0 | D:1      | Reached XP level 1. HP: 19/19 MP: 1/1
   369 | D:1      | Reached XP level 2. HP: 27/27 MP: 2/2
   831 | D:2      | Reached skill level 1 in Armour
   857 | D:2      | Reached XP level 3. HP: 33/33 MP: 3/3
   899 | D:2      | Reached skill level 5 in Axes
  1585 | D:3      | Reached XP level 4. HP: 40/40 MP: 4/4
  2195 | D:4      | Noticed a scorpion
  2245 | D:3      | Reached skill level 6 in Axes
  2245 | D:3      | Reached XP level 5. HP: 7/47 MP: 5/5
  2626 | D:4      | Reached skill level 5 in Fighting
  2685 | D:4      | Reached XP level 6. HP: 56/56 MP: 6/6
  3058 | D:4      | Reached skill level 7 in Axes
  3290 | D:4      | Mangled by an ogre

Illustrated notes

Levels and vault maps discovered:
D:1:      spicycebolla_arrival_clurvy, layout_basic
D:2:      layout_basic, dreamdust_princess_corridor
D:3:      layout_loops_ring
D:4:      cheibrodos_fertilizer, layout_loops_ring,
          lemuel_zombie_altar_yredelemnul

Skill      XL: |  1  2  3  4  5  6 |
---------------+-------------------+-----
Fighting       | 4 5 |  5.3
Armour         | 1 2 3 |  3.2
Axes           | 5 6 7 |  7.3
Dodging        | |  2.4
Stealth        | |  1.5

Action                   |  1- 3 |  4- 6 || total
-------------------------+-------+-------++-------
Melee: Hand axe          |    70 |   181 ||   251
       Punch             |       |     2 ||     2
  Use: Potion            |       |     1 ||     1
 Stab: Sleeping          |     7 |     5 ||    12
Armor: Robe              |    13 |    10 ||    23
       Ring mail         |       |    20 ||    20
Dodge: Dodged            |    49 |   107 ||   156

Table legend: (Time is in decaauts)
 A = Elapsed time spent in this place.
 B = Non-inter-level travel time spent in this place.
 C = Inter-level travel time spent in this place.
 D = Time resting spent in this place.
 E = Time spent auto-exploring this place.
 F = Levels seen in this place.
 G = Mean time per level.
                   A        B        C        D        E       F      G
               +--------+--------+--------+--------+--------+-----+--------+
         Total |   3293 |   3255 |     38 |    302 |   2347 |   4 |  823.2 |
       Dungeon |   3293 |   3255 |     38 |    302 |   2347 |   4 |  823.2 |
               +--------+--------+--------+--------+--------+-----+--------+

Top non-repeatable levels by time:
     D:4: 916 daAuts
     D:3: 911 daAuts
     D:1: 821 daAuts
     D:2: 643 daAuts
